 Dungeon Crawl Stone Soup version 0.31-a0-466-g98c9adc2b6 (webtiles) character file.

Game seed: 15351556974237075189

5905 RepHenryClay the Cleaver (level 10, 0/74 HPs)
             Began as a Minotaur Gladiator on Aug 6, 2023.
             Was a Believer of Makhleb.
             Slain by a yak (4 damage)
             ... on level 9 of the Dungeon.
             The game lasted 00:11:00 (7914 turns).

RepHenryClay the Cleaver (Minotaur Gladiator)       Turns: 7914, Time: 00:11:01

Health: 0/74       AC: 11    Str: 18    XL:     10   Next: 53%
Magic:  9/9        EV: 13    Int:  5    God:    Makhleb [**....]
Gold:   700        SH:  0    Dex: 17    Spells: 9/9 levels left

rFire   . . .        a - +0 war axe
rCold   . . .        (no shield)
rNeg    . . .        O - +0 acid dragon scales
rPois   .            c - +0 hat
rElec   .            (no cloak)
rCorr   +            D - +0 pair of gloves
SInv    .            (no boots)
Will    +....        (no amulet)
Stlth   +            t - ring of willpower
HPRegen 0.32/turn    (no ring)
MPRegen 0.11/turn

%: no passive effects
@: no status effects
A: horns 2, retaliatory headbutt
a: Renounce Religion, Minor Destruction


You were on level 9 of the Dungeon.
You worshipped Makhleb.
Makhleb was pleased with you.
You visited 1 branch of the dungeon, and saw 9 of its levels.

You collected 700 gold pieces.

Inventory:

Hand Weapons
 a - a +0 war axe (weapon)
 K - a +0 whip of freezing
 L - a +0 mace of venom
Missiles
 d - 3 throwing nets
 e - a javelin
 y - 4 curare-tipped darts (quivered)
 J - 25 poisoned darts
 M - 2 darts of dispersal
Armour
 c - a +0 hat (worn)
 D - a +0 pair of gloves (worn)
 F - the +2 ring mail of Mumblety Peg {Drain rN+ Will+}
   (You found it on level 7 of the Dungeon)

   rN:        It protects you from negative energy.
   Drain:     It drains your maximum health when unequipped.
   Will:      It increases your willpower.
 O - +0 acid dragon scales (worn)
Jewellery
 t - a ring of willpower (left hand)
 E - a ring of protection from fire
Wands
 I - a wand of flame (19)
 N - a wand of polymorph (7)
 Q - a wand of light (4)
Scrolls
 b - a scroll of amnesia {unknown}
 g - 2 scrolls of noise
 i - a scroll of brand weapon {unknown}
 j - 3 scrolls of identify {@r1}
 k - 2 scrolls of fog {unknown}
 l - a scroll of poison {unknown}
 p - a scroll of vulnerability {unknown}
 q - 2 scrolls of teleportation {unknown}
 s - 6 scrolls of revelation {unknown}
 v - a scroll of torment {unknown}
 w - 2 scrolls of enchant armour {unknown}
 z - a scroll of blinking {unknown}
 A - a scroll of fear {unknown}
 H - a scroll of immolation {unknown}
Potions
 m - a potion of degeneration
 n - a potion of might
 o - 2 potions of cancellation
 r - 4 potions of heal wounds {unknown}
 u - 2 potions of enlightenment {unknown}
 x - a potion of haste {unknown}
 B - 2 potions of resistance {unknown}
 C - 4 potions of mutation {unknown}
 G - a potion of curing
 P - a potion of magic {unknown}


   Skills:
 - Level 2.4 Fighting
 + Level 13.7 Axes
 - Level 2.0 Throwing
 + Level 13.2 Armour
 - Level 3.2 Dodging


You had 9 spell levels left.
You didn't know any spells.
Your spell library contained the following spells:

 Spells                   Type           Power      Damage    Failure   Level
 Cigotuvi's Dreadful Rot  Necr/Pois/Air  0%         N/A       69%         2
 Sublimation of Blood     Necr           0%         N/A       69%         2
 Wereblood                Tmut           0%         N/A       69%         2
 Call Canine Familiar     Summ           0%         N/A       89%         3
 Portal Projectile        Hex/Tloc       0%         N/A       89%         3
 Dispel Undead            Necr           0%         3d6       100%        4
 Leda's Liquefaction      Hex/Erth       0%         N/A       100%        4
 Death Channel            Necr           0%         N/A       100%        6
 Simulacrum               Ice/Necr       0%         N/A       100%        6
 Ozocubu's Refrigeration  Ice            0%         4d7       100%        7
 Summon Hydra             Summ           0%         N/A       100%        7
 Polar Vortex             Ice            0%         N/A       100%        9


Dungeon Overview and Level Annotations

Branches:
Dungeon (9/15)             Temple (0/1) D:6
   Lair: D:8-11         Orc: D:9-12

Altars:
Cheibriados
Elyvilon
Kikubaaqudgha
Makhleb
Uskayaw

Annotations:
D:5 2 transporters
D:7 2 transporters, perezv8180's ghost, novice HuCj


Innate Abilities, Weirdness & Mutations

You have a pair of horns on your head.
You reflexively headbutt those who attack you in melee.


Message History

Huge Dmg: -15%(-11hp) hp: 22%(16hp)
The yak attacks as you move away! The yak misses you. You furiously retaliate!
You headbutt the yak, but do no damage. The yak closely misses you.
You furiously retaliate!
You headbutt the yak. You hit the yak. You headbutt the yak.
The yak is heavily wounded.
You slash the yak! You headbutt the yak!
The yak is almost dead.
You barely miss the yak.
The yak is heavily wounded.
You hit the yak.
The yak is heavily wounded.
You hit the yak. The yak closely misses you. The yak misses you.
You furiously retaliate!
You headbutt the yak. You hit the yak. Your headbutt misses the yak.
The yak is severely wounded.
You hit the yak but do no damage. The yak gores you but does no damage.
The yak gores you.
* * * LOW HITPOINT WARNING * * *
Huge Dmg: -5%(-4hp) hp: 18%(13hp)
You hit the yak but do no damage. You headbutt the yak.
You kill the yak!
Makhleb accepts your kill.
You hit the yak. x2; The yak closely misses you. x2
You slash the yak!
The yak is almost dead.
You hit the yak. You hit the yak but do no damage.
You punch the yak, but do no damage.
The yak is almost dead.
You hit the yak. The yak misses you. The yak gores you!
* * * LOW HITPOINT WARNING * * *
Huge Dmg: -12%(-9hp) hp: 6%(4hp)
You completely miss the yak.
The yak is almost dead.
You slash the yak! The yak closely misses you.
The yak gores you but does no damage.
You feel better. The yak gores you!
* * * LOW HITPOINT WARNING * * *
The yak gores you.
You die...

#..##..#..####..#
.# #..##..#..#
#..#
###..##..#..#
#..#
.....##..#..#
#..#
.....##..#..#
#..#
.....##..#..#
#..#
##...##..#..#
#..# #...##..#..#
#..# #
#...##.>#..#
#.@#####..#
#.......#..#
#†YY..[...#
#..........#
#....)†...#
#.......##.#
#..####...#
#.......##.# #..#
...# #.......##.#
#..# ..#
#.......##.# #..#
..# #.......##.#
#..# .#
#.......##.# #..
.#


You could see 2 yaks.

Vanquished Creatures
  Pikel (D:7)
  Joseph (D:7)
  Grinder (D:6)
  A hornet (D:8)
  Prince Ribbit (D:8)
  8 yaks (D:9)
  3 steam dragons
  Menkaure (D:5)
  Edmund (D:5)
  2 acid dragons (D:9)
  3 water moccasins
  An ice beast (D:7)
  A black bear (D:4)
  2 ogres
  A phantom (D:6)
  6 bullfrogs
  3 kobold brigands
  A scorpion (D:5)
  3 howler monkeys
  A crimson imp (D:5)
  A gnoll bouda (D:8)
  3 jellies
  4 orc priests
  5 hounds
  4 iguanas
  11 orc wizards
  Robin (D:2)
  4 gnolls
  3 adders
  2 white imps
  An ufetubus (D:5)
  2 worms (D:3)
  4 dart slugs
  23 orcs
  6 ball pythons
  6 endoplasms
  5 giant cockroaches
  14 goblins
  5 hobgoblins
  8 jackals (D:1)
  5 quokkas
  6 bats
  3 frilled lizards
  17 kobolds
  5 rats
190 creatures vanquished.

Notes
Turn   | Place    | Note
-------+----------+-------------------------------------------
     0 | D:1      | RepHenryClay the Minotaur Gladiator began the quest for the
                  | Orb.
     0 | D:1      | Reached XP level 1. HP: 18/18 MP: 0/0
    98 | D:1      | Reached skill level 1 in Armour
   107 | D:1      | Reached XP level 2. HP: 25/25 MP: 1/1
   386 | D:1      | Reached XP level 3. HP: 30/30 MP: 2/2
  1125 | D:2      | Found a faded altar of an unknown god.
  1172 | D:2      | Noticed Robin
  1178 | D:2      | Killed Robin
  1218 | D:2      | Reached XP level 4. HP: 36/37 MP: 3/3
  1487 | D:3      | Reached skill level 5 in Axes
  1623 | D:3      | Reached XP level 5. HP: 41/42 MP: 4/4
  2514 | D:4      | Noticed a black bear
  2515 | D:4      | Noticed an ogre
  2535 | D:5      | Entered Level 5 of the Dungeon
  2575 | D:5      | Reached skill level 5 in Armour
  2575 | D:5      | Reached XP level 6. HP: 45/50 MP: 5/5
  2599 | D:5      | Noticed Menkaure
  2604 | D:5      | Killed Menkaure
  2629 | D:5      | Noticed a water moccasin
  2658 | D:5      | Killed a water moccasin
  2659 | D:5      | Reached XP level 7. HP: 32/56 MP: 6/6
  2666 | D:5      | Noticed Edmund
  2679 | D:5      | Killed Edmund
  3196 | D:4      | Reached XP level 8. HP: 57/62 MP: 7/7
  3434 | D:5      | Found a transporter.
  3436 | D:5      | Noticed a kobold demonologist
  3519 | D:5      | Found a burning altar of Makhleb.
  3519 | D:5      | Found an ancient bone altar of Kikubaaqudgha.
  3722 | D:5      | Became a worshipper of Makhleb the Destroyer
  3760 | D:5      | Found a transporter.
  3780 | D:5      | Noticed a +0 dagger
  3781 | D:5      | Found a hide-covered altar of Uskayaw.
  3781 | D:5      | Noticed a +0 dagger
  4277 | D:6      | Found a staircase to the Ecumenical Temple.
  4312 | D:6      | Noticed Grinder
  4327 | D:6      | Killed Grinder
  4408 | D:6      | Found a white marble altar of Elyvilon.
  4556 | D:6      | Reached skill level 10 in Axes
  5133 | D:7      | Identified the +2 ring mail of Mumblety Peg {Drain rN+
                  | Will+}
  5176 | D:7      | Reached skill level 10 in Armour
  5176 | D:7      | Reached XP level 9. HP: 28/68 MP: 8/8
  5573 | D:7      | Found a transporter.
  5573 | D:7      | Noticed Pikel
  5598 | D:7      | Killed Pikel
  5995 | D:7      | Noticed Joseph
  6007 | D:7      | Killed Joseph
  6007 | D:7      | Reached * piety under Makhleb
  6225 | D:7      | Found a transporter.
  6234 | D:7      | Noticed perezv8180's ghost (novice HuCj)
  6586 | D:8      | Identified the +3 shortbow "Pyum" {flame, Dex+4}
  6873 | D:8      | Reached XP level 10. HP: 74/74 MP: 9/9
  7102 | D:8      | Noticed Prince Ribbit
  7115 | D:8      | Killed Prince Ribbit
  7259 | D:9      | Reached ** piety under Makhleb
  7287 | D:9      | Found a snail-covered altar of Cheibriados.
  7914 | D:9      | Slain by a yak

Illustrated notes

Levels and vault maps discovered:
D:1:      psy_arrival_statuary, layout_basic
D:2:      minmay_general_purpose_star, layout_loops_cross,
          basic_ecumenical_altar, uniq_robin
D:3:      layout_basic
D:4:      layout_gridville, eino_tiny_chamber
D:5:      gammafunk_wand_slinger, layout_rooms, dancing_weapons_uskayaw,
          jmf_multi_god_temple, minmay_fire_ice_demons, uniq_menkaure,
          uniq_edmund
D:6:      layout_basic, nicolae_elyvilon_temple_path, minmay_temple_entry_waves,
          grunt_decor_cap, uniq_grinder
D:7:      layout_loops_ring, gammafunk_ghost_stat_death, corexii_corridor_pit,
          uniq_joseph, uniq_pikel
D:8:      layout_basic, uniq_prince_ribbit1
D:9:      layout_long_grid, kennysheep_slug_shrine

Skill      XL: |  1  2  3  4  5  6  7  8  9 10 |
---------------+-------------------------------+-----
Armour         | 1 2 3 5 6 7 10 12 13 | 13.2
Axes           | 4 5 6 7 8 10 12 13 | 13.7
Fighting       | |  2.4
Throwing       | |  2.0
Dodging        | |  3.2

Action                     |  1- 3 |  4- 6 |  7- 9 | 10-12 || total
---------------------------+-------+-------+-------+-------++-------
  Melee: War axe           |    79 |   115 |   226 |   104 ||   524
         Headbutt          |     5 |    12 |    43 |    28 ||    88
         Punch             |     1 |       |     3 |     3 ||     7
         Mace              |       |       |    18 |     5 ||    23
  Throw: Dart              |       |       |     3 |       ||     3
    Use: Scroll            |       |     6 |       |       ||     6
         Potion            |       |     1 |     4 |     1 ||     6
 Armour: Chain mail        |    49 |    76 |   136 |    46 ||   307
         Skin              |       |       |     6 |       ||     6
         Acid dragon scale |       |       |       |     8 ||     8
  Dodge: Dodged            |    47 |    52 |    92 |    64 ||   255

Table legend: (Time is in decaauts)
 A = Elapsed time spent in this place.
 B = Non-inter-level travel time spent in this place.
 C = Inter-level travel time spent in this place.
 D = Time resting spent in this place.
 E = Time spent auto-exploring this place.
 F = Levels seen in this place.
 G = Mean time per level.
                   A        B        C        D        E       F      G
               +--------+--------+--------+--------+--------+-----+--------+
         Total |   7963 |   7447 |    516 |    437 |   5631 |   9 |  884.8 |
       Dungeon |   7963 |   7447 |    516 |    437 |   5631 |   9 |  884.8 |
               +--------+--------+--------+--------+--------+-----+--------+

Top non-repeatable levels by time:
     D:7: 1204 daAuts
     D:5: 1053 daAuts
     D:6: 1036 daAuts
     D:3: 975 daAuts
     D:1: 833 daAuts
     D:4: 781 daAuts
     D:8: 732 daAuts
     D:9: 679 daAuts
     D:2: 666 daAuts
